 Adventure DCSS version bcrawl-1.35.4c (webtiles) character file.

Game seed: 12360387558560735045

581156 protoss039 the Warrior (level 16, 0/166 HPs)
             Began as a Gargoyle Earth Elementalist on Mar 4, 2022.
             Was the Champion of Okawaru.
             Slain by a hell rat (2 damage)
             ... summoned by a naga ritualist
             ... on level 2 of the Snake Pit.
             The game lasted 01:26:32 (22476 turns).

protoss039 the Warrior (GrEE)                      Turns: 22476, Time: 01:26:33

Health: 0/166      AC: 28    Str: 18    XL:     16   Next: 69%
Magic:  1/24       EV:  1    Int: 19    God:    Okawaru [******]
Gold:   932        SH:  4    Dex: 10    Spells: 19/19 levels left
                                        Lives:  0   Deaths: 2

rFire    + + .     SeeInvis +   L - +9 broad axe of Ugreol {chop, rElec rPois rF+ Int-3}
rCold    . . .     Gourm    +   a - +0 buckler of Hihio {rC+ Str+2 SInv}
rNeg     + + +     Faith    .   (armour currently unavailable)
rPois    ∞         Spirit   .   (helmet currently unavailable)
rElec    +         Reflect  .   (cloak currently unavailable)
rCorr    .         NoTele   +   (gloves currently unavailable)
MR       +....                  (boots currently unavailable)
Stlth    ++........             n - amulet of the gourmand
HPRegen  0.37/turn              B - ring of the Harvest {Fire Int+3}
MPRegen  0.19/turn              (no ring)

@: tree-form, cannot translocate
A: giant, negative energy resistance 1, petrification resistance, rot immunity,
AC +12
a: Heroism, Finesse, Renounce Religion


You were on level 2 of the Snake Pit.
You worshipped Okawaru.
Okawaru was exalted by your worship.
You were hungry.
You were a tree.
You visited 6 branches of the dungeon, and saw 23 of its levels.

You collected 2036 gold pieces.
You spent 1104 gold pieces at shops.

Inventory:

Hand Weapons
 b - a +2 war axe of flaming
 L - the +9 broad axe of Ugreol (weapon) {chop, rElec rPois rF+ Int-3}
   (Okawaru gifted it to you on level 8 of the Dungeon)

   It will always inflict at least some extra damage.
   This minimum extra damage increases with your current reserve of magical
   power.
   It affects your intelligence (-3).
   It protects you from fire.
   It insulates you from electricity.
   It protects you from poison.
Missiles
 j - 380 poisoned tomahawks (quivered)
 o - 114 steel javelins
 t - 196 javelins
 H - 2 throwing nets {=f}
 X - 105 javelins of penetration {=f}
Armour
 a - the +0 buckler of Hihio (worn) {rC+ Str+2 SInv}
   (You found it on level 10 of the Dungeon)

   It affects your strength (+2).
   It protects you from cold.
   It lets you see invisible.
 m - a +0 crystal plate armour (melded)
 w - a scarf of resistance (melded)
 I - a +2 hat (melded)
 K - a +2 large shield
 R - a +0 pair of gloves (melded)
 T - the +1 pair of boots of Marbles (melded) {rN+}
   (Okawaru gifted it to you on level 12 of the Dungeon)

   It protects you from negative energy.
Jewellery
 n - an amulet of the gourmand (around neck)
 B - the ring of the Harvest (left branch) {Fire Int+3}
   (You found it on level 6 of the Dungeon)

   [ring of fire]

   It enhances your fire magic.
   It affects your intelligence (+3).
   It protects you from fire.
   It makes you vulnerable to cold.
 C - a cursed ring of see invisible
Wands
 p - a wand of paralysis (23)
 D - a wand of disintegration (25)
 J - a wand of flame (78)
 N - a wand of iceblast (23)
 U - a wand of clouds (5)
Scrolls
 c - 2 scrolls of fear
 f - 5 scrolls of blinking
 g - 2 scrolls of fog
 i - 4 scrolls of identify
 l - 5 scrolls of enchant weapon
 q - 10 scrolls of teleportation
 y - 3 scrolls of magic mapping
 A - 6 scrolls of remove curse
 O - 2 scrolls of summoning
 P - a scroll of silence
 V - 3 scrolls of amnesia
 W - 2 scrolls of enchant armour
 Z - 2 scrolls of immolation
Potions
 d - 3 potions of brilliance
 h - 3 potions of agility
 r - a potion of cancellation
 u - 4 potions of flight
 v - 3 potions of mutation
 x - 3 potions of magic
 z - 2 potions of berserk rage
 E - a potion of ambrosia
 F - 2 potions of haste
 G - a potion of resistance
 M - 3 potions of might
 Q - 5 potions of curing
Miscellaneous
 s - a lightning rod (4/4)
 S - a lamp of fire
Comestibles
 e - 27 rations {!d}


   Skills:
 * Level 16.5 Fighting
 + Level 15.8 Axes
 + Level 5.0 Throwing
 * Level 13.1 Armour
 - Level 2.0 Dodging
 - Level 3.0 Stealth
 - Level 8.0 Shields
 - Level 1.0 Unarmed Combat
 - Level 2.0 Spellcasting
   Level 0.7 Transmutations
   Level 3.7 Earth Magic
 - Level 11.0 Invocations


You had 19 spell levels left.
You didn't know any spells.
Your spell library contained the following spells:

 Spells                   Type           Power        Failure   Level  Hunger
 Sandblast                Erth           ###...       6%          1    None
 Throw Frost              Conj/Ice       #.....       16%         2    ##.....
 Passwall                 Tmut/Erth      ##......     17%         2    ##.....
 Beastly Appendage        Tmut           #.....       22%         1    None
 Apportation              Tloc           #.....       28%         1    None
 Flame Tongue             Conj/Fire      #....        28%         1    None
 Freeze                   Ice            #.....       28%         1    None
 Infusion                 Chrm           #.......     28%         1    None
 Magic Dart               Conj           #...         28%         1    None
 Slow                     Hex            #.......     28%         1    None
 Sting                    Conj/Pois      #...         28%         1    None
 Summon Butterflies       Summ           #.......     28%         1    None
 Summon Small Mammal      Summ           #...         28%         1    None
 Sticks to Snakes         Tmut           #.......     32%         2    ##.....
 Stone Arrow              Conj/Erth      #.....       36%         3    ####...
 Call Imp                 Summ           #.....       38%         2    ##.....
 Flaming Arrows           Chrm/Fire      #.......     38%         2    ##.....
 Poisonous Vapours        Pois/Air       #.....       38%         2    ##.....
 Searing Ray              Conj           #.......     38%         2    ##.....
 Spider Form              Tmut/Pois      #..          58%         3    ####...
 Ignite Poison            Fire/Tmut/Pois #.......     61%         3    ####...
 Call Canine Familiar     Summ           #.......     63%         3    ####...
 Confuse                  Hex            #.......     63%         3    ####...
 Conjure Flame            Conj/Fire      #.......     63%         3    ####...
 Dazzling Orbs            Conj/Hex       #......      63%         3    ####...
 Inner Flame              Hex/Fire       N/A          63%         3    ####...
 Iskenderun's Mystic Bla  Conj           #.......     63%         3    ####...
 Mephitic Cloud           Conj/Pois/Air  #.......     63%         3    ####...
 Ozocubu's Armour         Chrm/Ice       #.......     63%         3    ####...
 Petrify                  Tmut/Erth      ##........   75%         4    ######.
 Lee's Rapid Deconstruct  Erth           ###.......   86%         5    #######
 Ice Form                 Ice/Tmut       #.......     94%         4    ######.
 Yara's Violent Unravell  Hex/Tmut       #.........   94%         4    ######.
 Fulminant Prism          Conj/Hex       #.........   95%         4    ######.
 Olgreb's Toxic Radiance  Pois           #........    95%         4    ######.
 Sticky Flame             Conj/Fire      #.......     95%         4    ######.
 Summon Ice Beast         Ice/Summ       #.......     95%         4    ######.
 Summon Scorpions         Summ/Pois      #.......     95%         4    ######.
 Throw Icicle             Conj/Ice       #.......     95%         4    ######.
 Blade Hands              Tmut           #.........   99%         5    #######
 Fireball                 Conj/Fire      #.........   100%        5    #######
 Irradiate                Conj/Tmut      #.........   100%        5    #######
 Metabolic Englaciation   Hex/Ice        #.........   100%        5    #######
 Summon Lightning Spire   Summ/Air       #.......     100%        5    #######
 Venom Bolt               Conj/Pois      #.........   100%        5    #######
 Bolt of Cold             Conj/Ice       #.........   100%        6    #######
 Freezing Cloud           Ice/Air        #.........   100%        6    #######
 Ozocubu's Refrigeration  Ice            #.........   100%        6    #######
 Simulacrum               Ice/Necr       #.........   100%        6    #######
 Steam Barrier            Chrm/Fire      #.........   100%        6    #######
 Mana Rupture             Conj/Hex       #.........   100%        7    #######


Dungeon Overview and Level Annotations

Branches:
Dungeon (12/12)            Temple (1/1) D:4            Lair (6/6) D:8
 Shoals (0/3) Lair:2        Snake (2/3) Lair:2        Slime (0/5) Lair:6
    Orc (1/1) D:11            Elf (0/3) Orc          Vaults (0/3) D:12
 Depths (1/5) D:12

Altars:
Ashenzari
Cheibriados
Dithmenos
Elyvilon
Fedhas
Gozag
Hepliaklqana
Kikubaaqudgha
Lugonu
Makhleb
Nemelex Xobeh
Okawaru
Qazlal
Ru
Sif Muna
Trog
Uskayaw
Vehumet
Wu Jian
Xom
Yredelemnul
Zin
The Shining One
Beogh
Jiyva

Shops:
D:4 (   D:8 ?   D:10 !   Orc (%???   Snake:1 }   Snake:2 ::

Annotations:
Lair:4 exclusion: 2 oklob plants


Innate Abilities, Weirdness & Mutations

You are resistant to torment.
((Your stone body is resilient. (AC +12)))
You are immune to poison.
((Your large and strong wings let you fly indefinitely.))
You resist negative energy. (rN+)
((You are resistant to electric shocks. (rElec)))
((You can survive without breathing.))
You are immune to petrification.
You are immune to rotting.


Message History

The jumping spider bites you but does no damage.
The mana viper bites you but does no damage.
The mana viper bites you!
* * * LOW HITPOINT WARNING * * *
The hell rat twitches its whiskers.
The jumping spider pounces on you.
* * * LOW HITPOINT WARNING * * *
A web harmlessly splats on you.
The jumping spider bites you but does no damage.
Unknown command.
Unknown command.
You hit the naga ritualist.
The naga ritualist is severely wounded.
You hit the hell rat but do no damage.
Ssssck.
You barely miss the jumping spider. You miss the mana viper.
You barely miss the mana viper.
The mana viper bites you but does no damage. x2
The naga ritualist hits you but does no damage.
The hell rat bites you.
You die...

##... #.)## #####...
######...## ###.......
####.........####.........
..............##..........
............###'####.....
...#....r..##.....##.....
#....Nr.##.......##....
##...rS♣s#..#####..#....
##.....S†##.##...##.##...
###........#...........#..#
##?........##..#.....#..####
...........#(.##.8.8.##..#
######.....#..#.......#..#
####.....#...>...#..+
####..#.......#..#
#..##.8.8.##..#


You could see a naga ritualist, 2 mana vipers, a jumping spider and 3 hell rats.

Vanquished Creatures
  2 nagarajas (Snake:1)
  Aizul (Snake:2)
  A very ugly thing (D:10)
  An ettin (D:12)
  Harold (D:8)
  2 rakshasas (Snake:1)
  4 hydras
  7 naga warriors
  Fannar (D:10)
  A death knight (D:9)
  A catoblepas (D:12)
  The ghost of doomedcactus the Basher, a novice EnSA of Cheibriados (D:8)
  4 anacondas
  A merfolk avatar (Lair:6)
  4 centaur warriors
  23 two-headed ogres
  5 ogre magi
  A tengu warrior (D:10)
  6 death yaks (Lair:6)
  8 naga sharpshooters (Snake:1)
  A sea snake (Lair:6)
  3 shock serpents (Snake:1)
  Sonja (Lair:1)
  Nergalle (D:9)
  3 salamander mystics (Snake:1)
  5 skeletal warriors
  An unseen horror (D:12)
  A flayed ghost (D:12)
  A naga ritualist (Snake:1)
  A wolf spider zombie (D:12)
  A cyclops (D:8)
  2 wizards
  A sphinx zombie (D:12)
  A necromancer (D:12)
  A wolf spider (Lair:6)
  13 salamanders
  2 ugly things (D:10)
  2 deep elf magi
  A tengu skeleton (D:12)
  2 stone giant zombies (D:12)
  5 mana vipers
  2 manticores
  8 elephants (Lair:6)
  17 black mambas
  7 naga magi
  Joseph (D:7)
  2 guardian serpents (Snake:2)
  3 centaur skeletons
  13 cane toads
  A torpor snail (Lair:3)
  A gargoyle (D:10)
  5 rime drakes
  A freezing wraith (D:12)
  2 kobold demonologists
  6 komodo dragons
  3 meliai (D:12)
  4 polar bears (Lair:6)
  2 wind drakes (Lair:6)
  Maurice (Orc)
  7 trolls
  2 hornets (Lair:6)
  3 blink frogs (Lair:4)
  9 slime creatures
  A snapping turtle (Lair:2)
  16 hippogriffs
  Grum (Lair:2)
  7 dream sheep
  4 wyverns
  2 shadows
  25 yaks
  A vampire (D:12)
  2 hungry ghosts
  3 basilisks
  Edmund (D:6)
  12 nagas
  A warg (Orc)
  14 water moccasins
  17 crocodiles
  11 porcupines
  A soldier ant (D:10)
  4 sky beasts
  7 orc warriors
  A sky beast (shapeshifter) (D:8)
  2 eyes of draining
  2 ice beasts (D:8)
  33 ogres
  4 wolves (Lair:2)
  2 black bears
  4 phantoms
  3 centaurs
  3 big kobolds
  16 bullfrogs
  3 scorpions
  19 killer bees
  4 howler monkeys
  3 electric eels (D:10)
  9 orc priests
  5 crimson imps
  A bullfrog skeleton (D:4)
  4 hounds
  2 jellies
  A bullfrog zombie (D:6)
  A gnoll shaman (D:7)
  2 iguanas (D:4)
  8 worker ants
  11 orc wizards
  A killer bee zombie (D:7)
  A hound zombie (D:5)
  A hound skeleton (D:3)
  A worker ant zombie (D:8)
  7 gnolls
  13 adders
  3 shadow imps
  12 white imps (D:12)
  An adder skeleton (D:3)
  An adder zombie (D:8)
  2 worms
  A dart slug (D:2)
  2 leopard geckos (D:2)
  26 orcs
  4 bats (D:1)
  2 giant cockroaches
  4 goblins
  5 hobgoblins
  18 jackals
  20 kobolds
  5 quokkas
  5 ball pythons
  2 frilled lizards
  2 quokka skeletons
  5 rats
  4 fungi
  5 plants
  A withered plant (D:12)
651 creatures vanquished.

Vanquished Creatures (others)
  A hippogriff (D:12)
  16 fungi
  16 plants
  A withered plant (D:12)
34 creatures vanquished.

Grand Total: 685 creatures vanquished

Notes
Turn   | Place    | Note
-------+----------+-------------------------------------------
     0 | D:1      | protoss039 the Gargoyle Earth Elementalist began the quest
                  | for the Orb.
     0 | D:1      | Reached XP level 1. HP: 10/10 MP: 3/3
   266 | D:1      | Reached XP level 2. HP: 15/15 MP: 5/5
   610 | D:1      | Reached skill level 1 in Fighting
  1083 | D:2      | Reached XP level 3. HP: 20/20 MP: 6/6
  1345 | D:2      | Reached skill level 2 in Fighting
  2012 | D:2      | Reached skill level 3 in Fighting
  2013 | D:2      | Reached XP level 4. HP: 28/28 MP: 7/7
  2382 | D:3      | Reached skill level 1 in Armour
  2590 | D:3      | Reached skill level 4 in Fighting
  2590 | D:3      | Reached XP level 5. HP: 33/33 MP: 8/8
  2765 | D:4      | Noticed an ogre
  2771 | D:4      | Killed an ogre
  2772 | D:4      | Reached skill level 1 in Throwing
  2783 | D:4      | Reached XP level 6. HP: 23/39 MP: 9/9
  2799 | D:4      | Found Oghoffeli's Antique Weapon Boutique.
  2799 | D:4      | Found a staircase to the Ecumenical Temple.
  2812 | Temple   | Entered the Ecumenical Temple
  3142 | Temple   | Became a worshipper of Warmaster Okawaru
  3171 | D:4      | Bought a glimmering hand axe for 192 gold pieces
  3171 | D:4      | Identified the +7 hand axe "Keniez" {drain, +Fly} (You
                  | bought it in a shop on level 4 of the Dungeon)
  3504 | D:4      | Noticed a sky beast
  3520 | D:4      | Killed a sky beast
  3521 | D:4      | Reached skill level 5 in Fighting
  3553 | D:4      | Noticed a phantom
  3574 | D:4      | Reached skill level 1 in Axes
  3574 | D:4      | Reached skill level 1 in Invocations
  3604 | D:4      | Killed a phantom
  3605 | D:4      | Reached XP level 7. HP: 43/44 MP: 10/10
  3859 | D:4      | Reached * piety under Okawaru
  3860 | D:4      | Reached skill level 1 in Shields
  4176 | D:5      | Entered Level 5 of the Dungeon
  4511 | D:5      | Reached XP level 8. HP: 51/51 MP: 11/11
  4536 | D:5      | Noticed a hippogriff
  4548 | D:5      | Killed a hippogriff
  4985 | D:6      | Reached skill level 6 in Fighting
  5018 | D:6      | Noticed Edmund
  5033 | D:6      | Killed Edmund
  5033 | D:6      | Reached ** piety under Okawaru
  5131 | D:6      | Reached XP level 9. HP: 50/56 MP: 12/12
  5177 | D:6      | Got a pitted platinum ring
  5208 | D:6      | Noticed a troll
  5217 | D:6      | Killed a troll
  5217 | D:6      | Reached *** piety under Okawaru
  5218 | D:6      | Reached skill level 5 in Axes
  5218 | D:6      | Reached skill level 5 in Armour
  5673 | D:7      | Reached skill level 7 in Fighting
  5695 | D:7      | Reached skill level 5 in Invocations
  5697 | D:7      | Noticed Joseph
  5706 | D:7      | Noticed a troll
  5744 | D:7      | Killed a troll
  5744 | D:7      | Reached **** piety under Okawaru
  5745 | D:7      | Reached XP level 10. HP: 23/63 MP: 12/14
  5901 | D:7      | Killed Joseph
  5968 | D:7      | Reached skill level 5 in Shields
  6463 | D:8      | Found a staircase to the Lair.
  6474 | D:8      | Noticed a cyclops
  6486 | D:8      | Reached skill level 8 in Fighting
  6493 | D:8      | Slain by a cyclops
  6494 | D:8      | Reached XP level 9. HP: 0/59 MP: 13/13
  6522 | D:8      | Found Zysk's Magic Scroll Emporium.
  6548 | D:8      | Bought 2 scrolls of identify for 56 gold pieces
  6548 | D:8      | Identified the ring of the Harvest {Fire Int+3} (You found
                  | it on level 6 of the Dungeon)
  6567 | D:8      | Killed a cyclops
  6680 | D:8      | Reached ***** piety under Okawaru
  6708 | D:8      | Noticed doomedcactus's ghost (novice EnSA)
  6709 | D:8      | Found a runed translucent gate.
  6710 | D:8      | Found a runed translucent gate.
  6710 | D:8      | Found a runed translucent gate.
  6779 | D:8      | Reached XP level 10. HP: 61/65 MP: 14/14
  7210 | D:8      | Noticed Harold
  7264 | D:8      | Received a gift from Okawaru
  7284 | D:8      | Reached skill level 9 in Fighting
  7426 | D:8      | Killed Harold
  7971 | D:8      | Killed doomedcactus's ghost
  7971 | D:8      | Received a gift from Okawaru
  7972 | D:8      | Reached XP level 11. HP: 11/71 MP: 16/16
  7979 | D:8      | Got a buzzing broad axe {god gift}
  7991 | D:8      | Identified the +9 broad axe of Ugreol {chop, rElec rPois
                  | rF+ Int-3} (Okawaru gifted it to you on level 8 of the
                  | Dungeon)
  8060 | D:9      | Noticed Nergalle
  8061 | D:9      | Noticed a death knight
  8077 | D:9      | Killed Nergalle
  8103 | D:9      | Killed a death knight
  8370 | D:9      | Noticed a centaur warrior
  8384 | D:9      | Killed a centaur warrior
  8384 | D:9      | Reached ****** piety under Okawaru
  8472 | D:9      | Noticed a two-headed ogre
  8479 | D:9      | Killed a two-headed ogre
  8643 | D:9      | Received a gift from Okawaru
  8644 | D:9      | Got a crude robe {god gift}
  8655 | D:9      | Identified the +1 robe of Wahyaphu {+Blink rC- MP+9 Dex+7}
                  | (Okawaru gifted it to you on level 9 of the Dungeon)
  8800 | D:9      | Noticed a deep elf mage
  8821 | D:9      | Killed a deep elf mage
  8822 | D:9      | Reached skill level 10 in Fighting
  9024 | D:9      | Found an ornate altar of the Wu Jian Council.
  9037 | D:9      | Found a glowing silver altar of Zin.
  9192 | D:10     | Entered Level 10 of the Dungeon
  9219 | D:10     | Noticed a purple ugly thing
  9221 | D:10     | Noticed Fannar
  9231 | D:10     | Noticed a cyan very ugly thing
  9234 | D:10     | Killed a purple ugly thing
  9236 | D:10     | Killed Fannar
  9237 | D:10     | Reached XP level 12. HP: 34/78 MP: 11/18
  9252 | D:10     | Found Ijuazir's Distillery.
  9271 | D:10     | HP: 1/78 [deep elf mage/torrent of water (19)]
  9276 | D:10     | HP: 3/78 [deep elf mage/torrent of water (1)]
  9286 | D:10     | Slain by a water elemental
  9287 | D:10     | Reached XP level 11. HP: -2/73 MP: 17/17
  9307 | D:10     | Killed a wizard
  9313 | D:10     | Reached skill level 10 in Axes
  9334 | D:10     | Noticed a tengu warrior
  9349 | D:10     | Killed a tengu warrior
  9407 | D:10     | Bought a potion of curing for 35 gold pieces
  9407 | D:10     | Bought a potion of curing for 35 gold pieces
  9407 | D:10     | Bought a potion of curing for 35 gold pieces
  9585 | D:10     | Noticed a white ugly thing
  9599 | D:10     | Killed a deep elf mage
  9606 | D:10     | Killed a cyan very ugly thing
  9607 | D:10     | Killed a cyan ugly thing
  9623 | D:10     | Reached skill level 11 in Fighting
  9805 | D:10     | Got a crude buckler
  9971 | D:10     | Identified the cursed +0 buckler of Hihio {rC+ Str+2 SInv}
                  | (You found it on level 10 of the Dungeon)
 10011 | D:11     | Noticed a skeletal warrior
 10011 | D:11     | Noticed a skeletal warrior
 10031 | D:11     | Killed a skeletal warrior
 10036 | D:11     | Killed a skeletal warrior
 10037 | D:11     | Reached XP level 12. HP: 44/80 MP: 19/19
 10367 | D:11     | Received a gift from Okawaru
 10421 | D:11     | Noticed a two-headed ogre
 10434 | D:11     | Killed a two-headed ogre
 10699 | D:11     | Found a staircase to the Orcish Mines.
 10830 | D:11     | Found a roughly hewn altar of Beogh.
 10987 | D:12     | Entered Level 12 of the Dungeon
 10987 | D:12     | Noticed a two-headed ogre
 10998 | D:12     | Killed a two-headed ogre
 11017 | D:12     | Noticed a two-headed ogre
 11025 | D:12     | Killed a two-headed ogre
 11040 | D:12     | Noticed a centaur warrior
 11043 | D:12     | Noticed a catoblepas
 11063 | D:12     | Killed a catoblepas
 11064 | D:12     | Reached skill level 10 in Invocations
 11068 | D:12     | Killed a centaur warrior
 11111 | D:12     | Noticed a two-headed ogre
 11112 | D:12     | Noticed an ogre mage
 11112 | D:12     | Noticed a two-headed ogre
 11112 | D:12     | Noticed a centaur warrior
 11113 | D:12     | Noticed a two-headed ogre
 11116 | D:12     | Noticed a two-headed ogre
 11124 | D:12     | Killed a centaur warrior
 11125 | D:12     | Killed a two-headed ogre
 11130 | D:12     | Killed a two-headed ogre
 11136 | D:12     | Killed an ogre mage
 11137 | D:12     | Killed a two-headed ogre
 11137 | D:12     | Received a gift from Okawaru
 11139 | D:12     | Killed a two-headed ogre
 11140 | D:12     | Reached skill level 12 in Fighting
 11140 | D:12     | Reached XP level 13. HP: 47/86 MP: 2/20
 11151 | D:12     | Got a pair of crude boots {god gift}
 11378 | D:12     | Found a gate to the Vaults.
 11446 | D:12     | Found a blossoming altar of Fedhas.
 11499 | D:12     | Found a staircase to the Depths.
 12347 | Lair:1   | Entered Level 1 of the Lair of Beasts
 12368 | Lair:1   | Noticed Sonja
 13452 | Lair:2   | Noticed Grum
 13466 | Lair:2   | Killed Grum
 13624 | Lair:2   | Found a staircase to the Snake Pit.
 13660 | Lair:2   | Reached skill level 13 in Fighting
 13709 | Lair:2   | Found a glowing silver altar of Zin.
 14070 | Lair:2   | Found a staircase to the Shoals.
 14381 | Lair:2   | Identified the +1 pair of boots of Marbles {rN+} (Okawaru
                  | gifted it to you on level 12 of the Dungeon)
 14428 | Lair:3   | Received a gift from Okawaru
 14726 | Lair:4   | Received a gift from Okawaru
 14857 | Lair:4   | Gained mutation: Your large and strong wings let you fly
                  | indefinitely. [Gargoyle growth]
 14857 | Lair:4   | Reached XP level 14. HP: 94/94 MP: 22/22
 14865 | Lair:4   | Received a gift from Okawaru
 14869 | Lair:4   | Got a buzzing battleaxe {god gift}
 14883 | Lair:4   | Identified the +7 battleaxe of Distraction {chop, +Blink
                  | Int+3 Dex+2} (Okawaru gifted it to you on level 4 of the
                  | Lair of Beasts)
 15244 | Lair:4   | Reached skill level 10 in Armour
 16466 | Lair:5   | Received a gift from Okawaru
 16469 | Lair:5   | Got a glimmering ring mail {god gift}
 16705 | Lair:5   | Found a glowing golden altar of the Shining One.
 17099 | Lair:6   | Entered Level 6 of the Lair of Beasts
 17634 | Lair:6   | Reached skill level 14 in Fighting
 17863 | Lair:6   | Found a staircase to the Slime Pits.
 17863 | Lair:6   | Found a viscous altar of Jiyva.
 17910 | Lair:6   | Received a gift from Okawaru
 17979 | Lair:6   | Reached XP level 15. HP: 89/100 MP: 23/23
 18544 | Orc      | Entered the Orcish Mines
 18603 | Orc      | Found Xiutt's Magic Scroll Boutique.
 18663 | Orc      | Received a gift from Okawaru
 18702 | Orc      | Bought a scroll of identify for 32 gold pieces
 18702 | Orc      | Bought a scroll of teleportation for 48 gold pieces
 18702 | Orc      | Bought a scroll of identify for 32 gold pieces
 18702 | Orc      | Bought a scroll of teleportation for 48 gold pieces
 18702 | Orc      | Bought a scroll of teleportation for 48 gold pieces
 18702 | Orc      | Bought 3 scrolls of identify for 96 gold pieces
 18747 | Orc      | Found a roughly hewn altar of Beogh.
 18899 | Orc      | Noticed Maurice
 18917 | Orc      | Killed Maurice
 19007 | Orc      | Found a staircase to the Elven Halls.
 19077 | Orc      | Received a gift from Okawaru
 19088 | Orc      | Reached skill level 15 in Fighting
 19088 | Orc      | Found Mosk's Magic Scroll Shoppe.
 19088 | Orc      | Found Reep's Magic Scroll Boutique.
 19117 | Orc      | Found Wiucs's Weapon Shop.
 19117 | Orc      | Found Dozaevaa's Food Shoppe.
 19124 | Orc      | Bought a scroll of blinking for 120 gold pieces
 19124 | Orc      | Bought a scroll of teleportation for 48 gold pieces
 19124 | Orc      | Bought a scroll of identify for 32 gold pieces
 19125 | Orc      | Bought 3 scrolls of identify for 78 gold pieces
 19125 | Orc      | Bought a scroll of identify for 26 gold pieces
 19125 | Orc      | Bought a scroll of teleportation for 39 gold pieces
 19125 | Orc      | Bought a scroll of identify for 26 gold pieces
 19125 | Orc      | Bought a scroll of identify for 26 gold pieces
 19125 | Orc      | Bought a scroll of identify for 26 gold pieces
 19125 | Orc      | Bought a scroll of identify for 26 gold pieces
 19496 | Depths:1 | Entered Level 1 of the Depths
 19540 | D:12     | Received a gift from Okawaru
 19778 | Lair:1   | Killed Sonja
 20274 | Snake:1  | Entered Level 1 of the Snake Pit
 20297 | Snake:1  | Reached skill level 5 in Throwing
 20427 | Snake:1  | Noticed a nagaraja
 20444 | Snake:1  | Killed a nagaraja
 20519 | Snake:1  | Reached skill level 15 in Axes
 20542 | Snake:1  | Received a gift from Okawaru
 20548 | Snake:1  | Reached XP level 16. HP: 92/109 MP: 17/24
 20883 | Snake:1  | Found Doocw's Gadget Boutique.
 20962 | Snake:1  | Noticed a nagaraja
 20978 | Snake:1  | Killed a nagaraja
 20979 | Snake:1  | Reached skill level 16 in Fighting
 21664 | Snake:2  | Noticed Aizul
 21685 | Snake:2  | Killed Aizul
 21705 | Snake:2  | Found Fyhunate's Book Shop.
 21715 | Snake:2  | Found Xixiogi's Book Boutique.
 21734 | Snake:2  | Received a gift from Okawaru
 22475 | Snake:2  | HP: 7/166 [mana viper[a naga ritualist] (12)]
 22475 | Snake:2  | HP: 2/166 [jumping spider[a naga ritualist] (5)]
 22476 | Snake:2  | Slain by a hell rat

Skill      XL: |  1  2  3  4  5  6  7  8  9 10 11 12 13 14 15 16 |
---------------+-------------------------------------------------+-----
Dodging        | 2 |  2.0
Stealth        | 3 |  3.0
Fighting       | 1 3 4 5 6 7 9 11 12 13 14 15 16 | 16.5
Armour         | 1 2 3 4 5 7 8 9 11 12 13 | 13.1
Throwing       | 1 2 3 4 5 |  5.0
Axes           | 1 2 4 7 8 10 11 13 14 15 | 15.8
Invocations    | 1 2 3 5 7 9 10 11 | 11.0
Shields        | 1 2 4 6 8 |  8.0
Unarmed Combat | |  1.0
Spellcasting   | |  2.0
Transmutations | |  0.7
Earth Magic    | |  3.7

Action                   |  1- 3 |  4- 6 |  7- 9 | 10-12 | 13-15 | 16-18 || total
-------------------------+-------+-------+-------+-------+-------+-------++-------
Melee: Unarmed           |    44 |       |       |       |       |       ||    44
       Falchion          |   294 |    82 |       |       |       |       ||   376
       Punch             |     1 |       |       |       |       |       ||     1
       Hand axe          |       |    55 |   298 |   277 |       |       ||   630
       Broad axe         |       |       |       |   404 |   776 |   295 ||  1475
       War axe           |       |       |       |       |    10 |       ||    10
Throw: Tomahawk          |    33 |    33 |       |     8 |    35 |     2 ||   111
       Stone             |     5 |       |       |       |     1 |       ||     6
       Javelin           |       |       |       |       |   110 |       ||   110
 Cast: Sandblast         |     4 |       |       |       |       |       ||     4
Invok: Heroism           |       |       |     1 |     7 |     6 |       ||    14
       Finesse           |       |       |       |     4 |     3 |       ||     7
 Abil: Evoke Blink       |       |       |       |     1 |       |       ||     1
Evoke: Lightning rod     |       |       |       |     1 |       |       ||     1
       Wand              |       |       |       |       |     2 |       ||     2
  Use: Scroll            |     2 |     1 |     3 |     7 |    22 |       ||    35
       Potion            |       |       |       |    10 |     4 |     1 ||    15
 Stab: Sleeping          |     1 |       |       |       |       |       ||     1
       Petrified         |       |       |       |     3 |       |       ||     3
       Petrifying        |       |       |       |     1 |       |       ||     1
  Eat: Chunk             |     6 |     5 |    11 |    22 |    53 |     8 ||   105
       Ration            |     2 |     2 |     1 |     7 |       |       ||    12
Armor: Robe              |    39 |       |       |       |       |       ||    39
       Ring mail         |    23 |       |       |       |       |       ||    23
       Crystal plate arm |   348 |   201 |   304 |   628 |  1078 |   363 ||  2922
       Skin              |       |       |       |       |       |    12 ||    12
Dodge: Dodged            |   101 |       |       |     6 |   108 |    19 ||   234
Block: Medium shield     |       |    19 |   149 |   310 |       |       ||   478
       Buckler           |       |       |       |    42 |   306 |    93 ||   441
